 Dungeon Crawl Stone Soup version 0.29.0-5-ge4962eb29e (webtiles) character file.

Game seed: 14908460850004937576

16 themarg the Insei (level 2, 0/23 HPs)
             Began as a Gnoll Transmuter on Aug 29, 2022.
             Slain by a ball python (2 damage)
             ... on level 2 of the Dungeon.
             The game lasted 00:01:31 (486 turns).

themarg the Insei (Gnoll Transmuter)                 Turns: 486, Time: 00:01:32

Health: 0/23       AC:  2    Str:  9    XL:     2   Next: 58%
Magic:  7/7        EV: 10    Int: 12    God:
Gold:   0          SH:  0    Dex: 12    Spells: 7/10 levels left

rFire   . . .      SeeInvis .   d - +0 mace
rCold   . . .      Faith    .   (no shield)
rNeg    . . .      Spirit   .   a - +0 robe
rPois   .          Reflect  .   (no helmet)
rElec   .          Harm     .   (no cloak)
rCorr   .          Rampage  .   (no gloves)
Will    .....                   (no boots)
Stlth   +.........              (no amulet)
HPRegen 0.07/turn               (no ring)
MPRegen 0.10/turn               (no ring)

@: constricted
A: fangs 1, strong nose, distributed training
a: no special abilities


You were on level 2 of the Dungeon.
You visited 1 branch of the dungeon, and saw 2 of its levels.

Inventory:

Hand Weapons
 d - a +0 mace (weapon)
Missiles
 f - 5 poisoned darts
Armour
 a - a +0 robe (worn)
Scrolls
 e - a scroll of identify {unknown}
Potions
 b - a potion of lignification
 c - a potion of curing {unknown}


   Skills:
 + Level 2.5 Fighting
 + Level 0.5 Short Blades
 + Level 0.5 Long Blades
 + Level 0.5 Axes
 + Level 0.5 Maces & Flails
 + Level 0.5 Polearms
 + Level 0.5 Staves
 + Level 0.5 Ranged Weapons
 + Level 0.5 Throwing
 + Level 0.5 Armour
 + Level 4.5 Dodging
 + Level 0.5 Stealth
 + Level 0.5 Shields
 + Level 6.5 Unarmed Combat
 + Level 4.9 Spellcasting
 + Level 0.3 Conjurations
 + Level 0.3 Hexes
 + Level 0.3 Summonings
 + Level 0.3 Necromancy
 + Level 0.3 Translocations
 + Level 3.7 Transmutations
 + Level 0.3 Fire Magic
 + Level 0.3 Ice Magic
 + Level 0.3 Air Magic
 + Level 0.3 Earth Magic
 + Level 0.3 Poison Magic
 + Level 0.6 Invocations
 + Level 0.5 Evocations


You had 7 spell levels left.
You knew the following spells:

 Your Spells              Type           Power      Damage    Failure   Level
a - Beastly Appendage     Tmut           22%        N/A       4%          1
b - Wereblood             Tmut           11%        N/A       7%          2

Your spell library contained the following spells:

 Spells                   Type           Power      Damage    Failure   Level
 Spider Form              Tmut/Pois      7%         N/A       26%         3
 Ice Form                 Ice/Tmut       7%         N/A       65%         4


Dungeon Overview and Level Annotations

Branches:
Dungeon (1/15)

Altars:


Innate Abilities, Weirdness & Mutations

You have very sharp teeth.
Your uncanny sense of smell can sniff out nearby items.
Your experience applies equally to all skills.


Message History

You feel sick. The adder bites you. The adder misses you.
You closely miss the adder. You claw the adder. Your bite misses the adder.
The adder is severely wounded.
You feel sick.
You are no longer poisoned.
The adder bites you but does no damage. x2
You hit the adder but do no damage. Your kick misses the adder.
The adder is severely wounded.
The adder bites you. The adder barely misses you.
You barely miss the adder. Your kick misses the adder.
The adder is severely wounded.
The adder bites you.
* * * LOW HITPOINT WARNING * * *
The adder closely misses you.
You barely miss the adder.
The adder is severely wounded.
The adder bites you.
* * * LOW HITPOINT WARNING * * *
You hit the adder. Your kick misses the adder. You headbutt the adder.
You kill the adder!
You start resting.
Your transformation is almost over.
A ball python comes into view.
The ball python hisses angrily.
You start resting.
Your horns disappear.
Your talons disappear.
A ball python is nearby!
You closely miss the ball python. You bite the ball python.
The ball python is moderately wounded.
The ball python closely misses you. The ball python grabs you.
The ball python constricts you.
* * * LOW HITPOINT WARNING * * *
The ball python misses you. The ball python constricts you.
* * * LOW HITPOINT WARNING * * *
You barely miss the ball python.
The ball python is moderately wounded.
The ball python bites you.
* * * LOW HITPOINT WARNING * * *
The ball python constricts you. The ball python bites you.
You die...

####.##.###.#
..>.........###
######.##.#####..
#.........# #.#
#######.####.####
#.# .........†...#
#.# ...#.####..#
#.# #.#.####..#
#.# #.@.......#
#..
####.#####S#####.#
### ....S.†....#
.# ...(.......# .#
..##.#####.# .# #
#.# .# ∆ #.# .#
#.# ...


You could see a ball python.

Vanquished Creatures
  An adder (D:2)
  A dart slug (D:2)
  2 goblins (D:1)
  A kobold (D:1)
  A frilled lizard (D:2)
6 creatures vanquished.

Notes
Turn   | Place    | Note
-------+----------+-------------------------------------------
     0 | D:1      | themarg the Gnoll Transmuter began the quest for the Orb.
     0 | D:1      | Reached XP level 1. HP: 17/17 MP: 6/6
   358 | D:1      | You fall into a shaft and drop 1 floor!
   407 | D:2      | Reached XP level 2. HP: 20/23 MP: 5/7
   410 | D:2      | Learned a level 2 spell: Wereblood
   486 | D:2      | Slain by a ball python

Illustrated notes

Levels and vault maps discovered:
D:1:      dpeg_arrival_morbid_curiosity, layout_loops_corners,
          minmay_misc_feat_pillars, serial_bayou_lagoon_a
D:2:      layout_loops_ring

Action                   || total
-------------------------++-------
Melee: Unarmed           ||    12
       Kick              ||     7
       Bite              ||     5
       Mace              ||    14
       Headbutt          ||     3
 Cast: Beastly Appendage ||     7
Armor: Robe              ||     4
Dodge: Dodged            ||    14
